 Dungeon Crawl Stone Soup version 0.27.1-33-g824d729ab1 (webtiles) character file.

Game seed: 9181507552614805375

3943 safid the Cleaver (level 10, 0/88 HPs)
             Began as a Hill Orc Fighter on Nov 24, 2021.
             Was a Believer of Beogh.
             Slain by hilljack's ghost (12 damage)
             ... on level 9 of the Dungeon.
             The game lasted 00:20:35 (7589 turns).

safid the Cleaver (Hill Orc Fighter)                Turns: 7589, Time: 00:20:36

Health: 0/88       AC: 41    Str: 32    XL:     10   Next: 21%
Magic:  10/10      EV:  8    Int:  8    God:    Beogh [**....]
Gold:   322        SH: 12    Dex: 10    Spells: 9/9 levels left

rFire    . . .     SeeInvis .   z - +7 hand axe "Xasar" {flame, Str+9}
rCold    . . .     Faith    .   c - +0 kite shield
rNeg     . . .     Spirit   .   t - +27 Lear's hauberk
rPois    .         Reflect  .   (helmet currently unavailable)
rElec    .         Harm     .   (no cloak)
rCorr    .         Rampage  .   (gloves currently unavailable)
Will     .....                  (boots currently unavailable)
Stlth    ..........             (no amulet)
HPRegen  0.24/turn              e - +4 ring of protection
MPRegen  0.12/turn              (no ring)

@: mighty
A: no striking features
a: Renounce Religion, Smiting


You were on level 9 of the Dungeon.
You worshipped Beogh.
Beogh was pleased with you.
You visited 1 branch of the dungeon, and saw 9 of its levels.

You collected 342 gold pieces.
You spent 20 gold pieces at shops.

Inventory:

Hand Weapons
 a - a +0 war axe
 z - the +7 hand axe "Xasar" (weapon) {flame, Str+9}
   (You found it on level 6 of the Dungeon)

   It burns those it strikes, dealing additional fire damage.
   Big, fiery blades are also staple armaments of hydra-hunters.
   Str:       It affects your strength (+9).
Missiles
 i - 49 poisoned darts (quivered)
 j - 2 throwing nets
 k - 12 javelins
Armour
 c - a +0 kite shield (worn)
 o - a +0 pair of gloves
 t - the +27 Lear's hauberk (worn)
   (You found it on level 5 of the Dungeon)
 x - a +1 leather armour of poison resistance
Jewellery
 e - a +4 ring of protection (left hand)
Wands
 l - a wand of charming (13)
 y - a wand of acid (7)
 A - a wand of iceblast (9)
Scrolls
 g - 3 scrolls of fear
 h - a scroll of summoning
 m - 2 scrolls of blinking
 p - 3 scrolls of enchant weapon
 q - 3 scrolls of enchant armour
 u - 3 scrolls of teleportation
 v - 2 scrolls of fog
 w - a scroll of silence
Potions
 b - a potion of haste {unknown}
 d - 2 potions of curing
 f - a potion of invisibility {unknown}
 r - a potion of brilliance {unknown}
 s - 2 potions of might


   Skills:
 + Level 8.3 Fighting
 + Level 10.8 Axes
 + Level 7.5 Armour
 + Level 9.5 Shields


You had 9 spell levels left.
You didn't know any spells.
Your spell library contained the following spells:

 Spells                   Type           Power      Damage    Failure   Level
 Ensorcelled Hibernation  Hex/Ice        0%         N/A       99%         2
 Slow                     Hex            0%         N/A       99%         2
 Confusing Touch          Hex            0%         N/A       100%        3
 Spider Form              Tmut/Pois      0%         N/A       100%        3
 Vampiric Draining        Necr           0%         2d6       100%        3
 Shadow Creatures         Summ           N/A        N/A       100%        6


Dungeon Overview and Level Annotations

Branches:
Dungeon (9/15)             Temple (0/1) D:7
   Lair: D:8-11         Orc: D:9-12

Altars:
Dithmenos
Fedhas
Gozag
Okawaru
Vehumet
Wu Jian
The Shining One

Shops:
D:3 ?   D:5 [

Annotations:
D:3 2 transporters, spaced's ghost, amateur DEVM
D:9 hilljack's ghost, journeyman GrVM


Message History

* * * LOW HITPOINT WARNING * * *
You feel better. Hilljack's ghost barely misses you.
You feel better. Hilljack's ghost completely misses you.
You feel better. You block hilljack's ghost's attack.
You closely miss hilljack's ghost.
Hilljack's ghost is heavily damaged.
Hilljack's ghost hits you but does no damage.
You closely miss hilljack's ghost.
Hilljack's ghost is heavily damaged.
Hilljack's ghost hits you but does no damage.
You slice hilljack's ghost!! You burn hilljack's ghost.
Hilljack's ghost is severely damaged.
Hilljack's ghost hits you but does no damage.
You barely miss hilljack's ghost.
Hilljack's ghost is severely damaged.
Hilljack's ghost hits you!
* * * LOW HITPOINT WARNING * * *
Hilljack's ghost burns you.
* * * LOW HITPOINT WARNING * * *
You hit hilljack's ghost but do no damage.
Hilljack's ghost is severely damaged.
You block hilljack's ghost's attack.
You closely miss hilljack's ghost.
Hilljack's ghost is severely damaged.
You hit hilljack's ghost but do no damage.
Hilljack's ghost is severely damaged.
You block hilljack's ghost's attack.
You hit hilljack's ghost but do no damage.
Hilljack's ghost is severely damaged.
You block hilljack's ghost's attack.
You slash hilljack's ghost!
Hilljack's ghost is almost destroyed.
You block hilljack's ghost's attack.
You hit hilljack's ghost but do no damage.
Hilljack's ghost is almost destroyed.
You block hilljack's ghost's attack.
You hit hilljack's ghost but do no damage.
Hilljack's ghost is almost destroyed.
Hilljack's ghost hits you!
You die...

....'......###...........#
####.......##..###.......#
#.......'..## #.......#
#.......#### #.......#
#.......# #....(..#
#.......# #####.###
#.###♣♣.# #.# #.##.≈≈.#
##### ### #.##♣≈≈P#
#@#.#.#.#
#.##♣≈≈P#####W#.....#
#............Z'...$##
+.........##..'...[.#
#.........###.'...$##
#†........# #.#.....#
###.....<...# #.#.#.#.#
#††.........# #########
#.####+######


You could see hilljack's ghost and a centaur warrior simulacrum.

Vanquished Creatures
  Pikel (D:7)
  2 spectral centaurs (D:9)
  A hornet (D:9)
  Sigmund (D:2)
  A wyvern (D:7)
  A steam dragon (D:8)
  A water moccasin (D:9)
  2 orc warriors
  An ogre (D:7)
  An ice beast (D:7)
  A lemure (D:7)
  2 bullfrogs
  A scorpion (D:6)
  2 wyvern skeletons (D:6)
  3 killer bees (D:9)
  A howler monkey (D:7)
  2 centaur zombies
  An orc priest (D:8)
  3 jellies
  2 bullfrog skeletons
  A centaur skeleton (D:7)
  Jessica (D:3)
  5 orc wizards
  A scorpion zombie (D:5)
  Natasha (thrice) (D:2)
  A hound zombie (D:5)
  2 howler monkey skeletons
  7 adders
  14 gnolls
  A shadow imp (D:6)
  3 white imps
  A worm (D:3)
  3 dart slugs (D:1)
  39 orcs
  8 endoplasms
  4 giant cockroaches
  14 goblins
  10 hobgoblins
  7 jackals
  3 quokkas
  7 ball pythons
  2 bats
  14 kobolds
  7 rats
188 creatures vanquished.

Vanquished Creatures (others)
  3 demonic plants (D:2)
  7 fungi (D:2)
  10 plants (D:2)
20 creatures vanquished.

Grand Total: 208 creatures vanquished

Notes
Turn   | Place    | Note
-------+----------+-------------------------------------------
     0 | D:1      | safid the Hill Orc Fighter began the quest for the Orb.
     0 | D:1      | Reached XP level 1. HP: 19/19 MP: 1/1
   171 | D:1      | Reached skill level 3 in Axes
   209 | D:1      | Reached XP level 2. HP: 25/26 MP: 2/2
   669 | D:1      | Reached XP level 3. HP: 31/31 MP: 3/3
  1048 | D:2      | Noticed Natasha
  1061 | D:2      | Killed Natasha
  1062 | D:2      | Reached skill level 4 in Axes
  1116 | D:2      | Reached XP level 4. HP: 33/39 MP: 4/4
  1132 | D:2      | Noticed Sigmund
  1143 | D:2      | Killed Sigmund
  1144 | D:2      | Reached skill level 5 in Axes
  1144 | D:2      | Reached skill level 5 in Shields
  1144 | D:2      | Reached XP level 5. HP: 10/45 MP: 5/5
  1394 | D:2      | Noticed Natasha
  1399 | D:2      | Reached skill level 6 in Axes
  1399 | D:2      | Reached XP level 6. HP: 29/51 MP: 6/6
  1412 | D:2      | Killed Natasha
  2176 | D:2      | Found a faded altar of an unknown god.
  2411 | D:2      | Noticed Natasha
  2419 | D:2      | Killed Natasha
  3031 | D:3      | Found Zyigob's Magic Scroll Shop.
  3044 | D:3      | Bought a scroll of identify for 20 gold pieces
  3060 | D:3      | Found a transporter.
  3060 | D:3      | Noticed spaced's ghost (amateur DEVM)
  3077 | D:3      | Found a transporter.
  3124 | D:3      | Noticed Jessica
  3132 | D:3      | Killed Jessica
  3142 | D:3      | Reached skill level 7 in Axes
  3143 | D:3      | Reached XP level 7. HP: 42/57 MP: 7/7
  3397 | D:3      | Found an ornate altar of the Wu Jian Council.
  3495 | D:3      | Found a radiant altar of Vehumet.
  4180 | D:5      | Entered Level 5 of the Dungeon
  4258 | D:5      | Found the +27 Lear's hauberk
  4454 | D:5      | Found Luliy's Armour Shoppe.
  5069 | D:6      | Reached XP level 8. HP: 67/67 MP: 8/8
  5082 | D:6      | Became a worshipper of Beogh the Brigand
  5180 | D:6      | Reached skill level 8 in Axes
  5314 | D:6      | Identified the +7 hand axe "Xasar" {flame, Str+9}
  5475 | D:7      | Reached skill level 5 in Fighting
  5728 | D:7      | Noticed Pikel
  5738 | D:7      | Killed Pikel
  5739 | D:7      | Reached skill level 9 in Axes
  5739 | D:7      | Reached skill level 5 in Armour
  5739 | D:7      | Reached XP level 9. HP: 75/75 MP: 9/9
  5892 | D:7      | Found a staircase to the Ecumenical Temple.
  6431 | D:8      | Found a shadowy altar of Dithmenos.
  6497 | D:8      | Reached * piety under Beogh
  7022 | D:8      | Found a blossoming altar of Fedhas.
  7180 | D:9      | Found an iron altar of Okawaru.
  7253 | D:9      | Found a glowing golden altar of the Shining One.
  7277 | D:9      | Found an opulent altar of Gozag.
  7328 | D:9      | Reached skill level 10 in Axes
  7328 | D:9      | Noticed a hornet
  7332 | D:9      | Killed a hornet
  7473 | D:9      | Found a runed translucent gate.
  7473 | D:9      | Found a runed translucent gate.
  7475 | D:9      | Found a runed translucent gate.
  7476 | D:9      | Noticed a spectral centaur warrior
  7476 | D:9      | Noticed a spectral centaur warrior
  7478 | D:9      | Noticed hilljack's ghost (journeyman GrVM)
  7498 | D:9      | Killed a spectral centaur warrior
  7499 | D:9      | Reached XP level 10. HP: 88/88 MP: 10/10
  7510 | D:9      | Killed a spectral centaur warrior
  7510 | D:9      | Reached ** piety under Beogh
  7575 | D:9      | HP: 4/88 [hilljack's ghost (2)]
  7589 | D:9      | Slain by hilljack's ghost

Illustrated notes

Levels and vault maps discovered:
D:1:      sevenhm_arrival_forest_fort_small_4, layout_basic
D:2:      minmay_recursive_quarters, layout_loops_ring,
          shapermc_ecumenical_altar_gd, uniq_sigmund, uniq_natasha
D:3:      layout_loops_ring, nzn_wu_jian_council_hall,
          mainiacjoe_overflow_six_doors_small, serial_shops,
          nicolae_diamond_shop, gammafunk_ghost_stat_death, uniq_jessica
D:4:      layout_rooms, kennysheep_generic_room_2
D:5:      corexii_shantytown, layout_rooms, serial_shops, nicolae_stop_n_shop_1
D:6:      layout_rooms, nicolae_underground_beach
D:7:      layout_loops_cross, temple_doors_e, grunt_ministairs_3, uniq_pikel
D:8:      layout_basic, mainiacjoe_overflow_alcove_4,
          nicolae_dithmenos_shadow_blocks
D:9:      layout_roguey, kennysheep_little_box, lemuel_round_altar,
          okawaru_trees_2, grunt_gozag_breadcrumbs, gammafunk_ghost_necromancy,
          eino_tiny_chamber, serial_bayou_pond_d, kennysheep_cross_bottleneck,
          uniq_gastronok

Skill      XL: |  1  2  3  4  5  6  7  8  9 10 |
---------------+-------------------------------+-----
Axes           | 3 4 5 6 7 9 10 | 10.8
Shields        | 4 5 6 7 8 9 |  9.5
Fighting       | 4 6 7 8 |  8.3
Armour         | 4 5 7 |  7.5

Action                   |  1- 3 |  4- 6 |  7- 9 | 10-12 || total
-------------------------+-------+-------+-------+-------++-------
Melee: War axe           |    71 |   112 |   233 |       ||   416
       Hand axe          |       |       |   146 |    83 ||   229
Invok: Convert to Beogh  |       |       |     1 |       ||     1
  Use: Potion            |       |     4 |       |     8 ||    12
       Scroll            |       |     2 |     9 |       ||    11
Armor: Scale mail        |    41 |    68 |    23 |       ||   132
       Skin              |       |     8 |       |       ||     8
       Chain mail        |       |       |   177 |    40 ||   217
Dodge: Dodged            |    17 |    41 |    84 |    14 ||   156
Block: Kite shield       |    28 |    80 |   203 |    32 ||   343
